 Dungeon Crawl Stone Soup version 0.29.0-4-gdea44cf6ec (webtiles) character file.

Game seed: 7455256508979949499

39 qw the Ruffian (level 3, -5/29 HPs)
             Began as a Ghoul Fire Elementalist on Aug 29, 2022.
             Slain by a gnoll
             ... wielding a +0 spear
              (7 damage)
             ... on level 2 of the Dungeon.
             The game lasted 00:01:05 (1330 turns).

qw the Ruffian (Ghoul Fire Elementalist)            Turns: 1330, Time: 00:01:06

Health: -5/29      AC:  5    Str: 13    XL:     3   Next: 45%
Magic:  4/4        EV: 10    Int: 10    God:
Gold:   56         SH:  0    Dex:  9    Spells: 4/5 levels left

rFire   . . .      SeeInvis .     - Unarmed
rCold   + . .      Faith    .   (no shield)
rNeg    + + +      Spirit   .   c - +0 ring mail
rPois   inf        Reflect  .   (no helmet)
rElec   .          Harm     .   (no cloak)
rCorr   .          Rampage  .   (no gloves)
Will    .....                   (no boots)
Stlth   +.........              (no amulet)
HPRegen 0.00/turn               (no ring)
MPRegen 0.09/turn               (no ring)

@: inhibited regen
A: claws 1, cold resistance 1, negative energy resistance 3, inhibited
regeneration, torment resistance 2, devour on kill
a: no special abilities


You were on level 2 of the Dungeon.
You visited 1 branch of the dungeon, and saw 2 of its levels.

You collected 56 gold pieces.


Innate Abilities, Weirdness & Mutations

You are immune to poison.
You have sharp fingernails.
Your flesh is cold resistant. (rC+)
You are immune to negative energy. (rN+++)
You do not regenerate when monsters are visible.
You are immune to unholy pain and torment.
You thrive by killing the living.


   Skills:
 - Level 1.8 Fighting
 - Level 1.7 Dodging
 - Level 2.1 Stealth
 + Level 2.5 Unarmed Combat
 - Level 1.7 Spellcasting
 - Level 0.7 Conjurations
 - Level 2.4 Fire Magic


You had 4 spell levels left.
You knew the following spells:

 Your Spells              Type           Power      Damage    Failure   Level
a - Foxfire               Conj/Fire      16%        2x1d4     36%         1

Your spell library contained the following spells:

 Spells                   Type           Power      Damage    Failure   Level
 Scorch                   Fire           10%        2d6       36%         2
 Conjure Flame            Conj/Fire      4%         6-21      73%         3
 Inner Flame              Hex/Fire       3%         N/A       78%         3
 Flame Wave               Conj/Fire      4%         2d5       98%         4

Inventory:

Armour
 c - a +0 ring mail (worn)
Scrolls
 a - a scroll of identify
Potions
 b - a potion of attraction {unknown}
 d - a potion of brilliance {unknown}
 e - a potion of heal wounds {unknown}

Dungeon Overview and Level Annotations

Branches:
Dungeon (2/15)

Altars:


Message History

You are frozen.
You resist.
You scratch the endoplasm.
You kill the endoplasm!
You start resting.
HP restored.
You see here a wand of light (11).
You open the door.
There is an open door here.
Found a stone staircase leading down. 2 gnolls come into view.
A gnoll is wielding a +1 vampiric spear.
Found a short sword.
The gnoll shouts!
You hear a shout!
A gnoll comes into view. It is wielding a +0 spear.
1321 ||| Stepping ~*~*~tactically~*~*~ (hiding).
1322 ||| Stepping ~*~*~tactically~*~*~ (hiding).
You start waiting.
There are monsters nearby!
The gnoll closely misses you.
A hobgoblin comes into view.
A worm comes into view.
The gnoll hits you but does no damage.
A gnoll comes into view. It is wielding a +0 spear.
The gnoll hits you with a +1 vampiric spear.
The gnoll closely misses you.
You closely miss the gnoll. The gnoll hits you but does no damage.
The gnoll hits you from afar with a +0 spear.
You scratch the gnoll.
The gnoll is lightly wounded.
The gnoll hits you with a +1 vampiric spear.
The gnoll hits you from afar with a +0 spear. x2
You scratch the gnoll.
The gnoll is heavily wounded.
The gnoll hits you from afar with a +0 spear. x2
The gnoll barely misses you.
You closely miss the gnoll.
The gnoll is heavily wounded.
The gnoll barely misses you.
The gnoll hits you from afar with a +0 spear!
You die...

#. #.....## #.
#.####....########
#....'............
###..#............
##.##............
##..##..........).
#..#######...?/...
#.## #........ #@#
#........
#....g.g#
#........
####.gg##
#........ .....
#........ .....w.
#........ .......
#........ ....>..
######### )......


You could see a worm and 4 gnolls.

Vanquished Creatures
  2 adders (D:2)
  A worm (D:2)
  3 bats (D:1)
  2 endoplasms
  2 giant cockroaches
  A goblin (D:1)
  2 kobolds
  2 ball pythons
  3 rats
18 creatures vanquished.

Notes
Turn   | Place    | Note
-------+----------+-------------------------------------------
     0 | D:1      | qw the Ghoul Fire Elementalist began the quest for the Orb.
     0 | D:1      | Reached XP level 1. HP: 14/14 MP: 2/2
     0 | D:1      | 0 ||| qw: Version: 0.1-a-90-g952f4b7
     0 | D:1      | 0 ||| qw: Game counter: 3687
     0 | D:1      | 0 ||| qw: Always use a shield: true
     0 | D:1      | 0 ||| qw: God list: Okawaru
     0 | D:1      | 0 ||| qw: Allow faded altars: false
     0 | D:1      | 0 ||| qw: Do Orc after D:15 true
     0 | D:1      | 0 ||| qw: Do second Lair branch before Depths: true
     0 | D:1      | 0 ||| qw: Lair rune preference: random
     0 | D:1      | 0 ||| qw: Plans: Normal
     0 | D:1      | 0 ||| PLANNING D:1-11
    94 | D:1      | Reached skill level 1 in Unarmed Combat
   285 | D:1      | You fall into a shaft and drop 1 floor!
   286 | D:2      | 286 ||| UPGRADING to +0 ring mail.
   296 | D:2      | 296 ||| DROPPING +0 robe.
   297 | D:2      | 297 ||| READING scroll labelled FEK DENYXUME.
   298 | D:2      | 298 ||| DROPPING potion of magic.
   311 | D:2      | Reached skill level 1 in Fighting
   311 | D:2      | Reached XP level 2. HP: 24/24 MP: 3/3
   908 | D:1      | 908 ||| READING scroll labelled JEIDDAE CAED.
   909 | D:1      | 909 ||| READING scroll labelled LAOQ VUSEAM.
   910 | D:1      | 910 ||| READING scroll labelled VISHRE MASINEI.
   911 | D:1      | 911 ||| READING scroll labelled YLEKKAUMEN.
   912 | D:1      | 912 ||| READING scroll labelled FIFYICR WANIKK.
  1005 | D:2      | Reached XP level 3. HP: 29/29 MP: 4/4
  1082 | D:2      | 1082 ||| FLEEEEING.
  1083 | D:2      | 1083 ||| FLEEEEING.
  1084 | D:2      | 1084 ||| FLEEEEING.
  1085 | D:2      | 1085 ||| FLEEEEING.
  1086 | D:2      | 1086 ||| FLEEEEING.
  1087 | D:2      | 1087 ||| FLEEEEING.
  1088 | D:2      | 1088 ||| FLEEEEING.
  1089 | D:2      | 1089 ||| FLEEEEING.
  1321 | D:2      | 1321 ||| Stepping ~*~*~tactically~*~*~ (hiding).
  1322 | D:2      | 1322 ||| Stepping ~*~*~tactically~*~*~ (hiding).
  1329 | D:2      | HP: 5/29 [gnoll/+0 spear (3)]
  1329 | D:2      | HP: 2/29 [gnoll/+0 spear (3)]
  1330 | D:2      | Slain by a gnoll

Levels and vault maps discovered:
D:1:      sevenhm_arrival_forest_fort_small_6, layout_loops_ring
D:2:      layout_basic

Skill      XL: |  1  2 |
---------------+-------+-----
Unarmed Combat | 1 2 |  2.5
Fighting       | 1 |  1.8
Dodging        | |  1.7
Stealth        | |  2.1
Spellcasting   | |  1.7
Conjurations   | |  0.7
Fire Magic     | |  2.4

Action                   || total
-------------------------++-------
Melee: Unarmed           ||    86
       Punch             ||     2
  Use: Scroll            ||     6
Armor: Robe              ||     5
       Ring mail         ||    24
Dodge: Dodged            ||    39

Table legend:
 A = Non-vault XP
 B = Vault XP
 C = Vault XP percentage of total XP
 D = Non-vault monster count
 E = Vault monster count
 F = Vault count percentage of total count
                 A         B        C        D         E       F
            +---------+---------+-------+---------+---------+-------
      Total |      56 |       0 |   0.0 |      18 |       0 |   0.0
            +---------+---------+-------+---------+---------+-------
        D:1 |      16 |       0 |   0.0 |      10 |       0 |   0.0
        D:2 |      40 |       0 |   0.0 |       8 |       0 |   0.0
            +---------+---------+-------+---------+---------+-------
